 Dungeon Crawl Stone Soup version 0.28.0-49-g6dfe1f597d (webtiles) character file.

Game seed: 3245526278562308194

652 Exodus22XD the Chopper (level 7, -3/61 HPs)
             Began as a Minotaur Fighter on May 14, 2022.
             Was a Follower of Nemelex Xobeh.
             Slain by Pikel
             ... wielding a +0 whip of electrocution
              (7 damage)
             ... on level 4 of the Dungeon.
             The game lasted 00:03:53 (3792 turns).

Exodus22XD the Chopper (Minotaur Fighter)           Turns: 3792, Time: 00:03:54

Health: -3/61      AC:  7    Str: 23    XL:     7   Next: 28%
Magic:  6/6        EV:  9    Int:  5    God:    Nemelex Xobeh [*.....]
Gold:   148        SH: 10    Dex:  9    Spells: 6/6 levels left

rFire   . . .      SeeInvis .   a - +0 war axe
rCold   . . .      Faith    .   c - +0 buckler
rNeg    . . .      Spirit   .   b - +0 scale mail
rPois   .          Reflect  +   (helmet restricted)
rElec   .          Harm     .   (no cloak)
rCorr   +          Rampage  .   (no gloves)
Will    .....                   (no boots)
Stlth   ..........              p - amulet of reflection
HPRegen 0.20/turn               o - ring of resist corrosion
MPRegen 0.10/turn               (no ring)

@: no status effects
A: horns 2, retaliatory headbutt
a: Renounce Religion, Draw Escape, Draw Destruction, Draw Summoning


You were on level 4 of the Dungeon.
You worshipped Nemelex Xobeh.
Nemelex Xobeh was aware of your devotion.
You visited 1 branch of the dungeon, and saw 4 of its levels.
You also visited: Sewer.

You collected 148 gold pieces.

Inventory:

Hand Weapons
 a - a +0 war axe (weapon)
 q - a +2 whip of draining
 u - a +6 flail
Armour
 b - a +0 scale mail (worn)
 c - a +0 buckler (worn)
Jewellery
 h - an amulet of the acrobat
 o - a ring of resist corrosion (left hand)
 p - an amulet of reflection (around neck)
Scrolls
 d - a scroll of teleportation {unknown}
 e - a scroll of holy word {unknown}
 g - a scroll of immolation {unknown}
 k - a scroll of magic mapping {unknown}
 m - a scroll of identify {unknown}
 n - a scroll of vulnerability {unknown}
Potions
 f - 2 potions of lignification {unknown}
 i - 3 potions of curing {unknown}
 j - 2 potions of mutation {unknown}
 l - 3 potions of magic {unknown}
 r - a potion of heal wounds {unknown}
 s - a potion of haste {unknown}
 t - 2 potions of cancellation {unknown}


   Skills:
 + Level 5.3 Fighting
 + Level 6.9 Axes
 + Level 5.2 Armour
 + Level 5.5 Shields


You had 6 spell levels left.
You didn't know any spells.
Your spell library was empty.

Dungeon Overview and Level Annotations

Branches:
Dungeon (4/15)              Sewer (visited)
 Temple: D:4-7

Altars:
Nemelex Xobeh
Lugonu

Portals:
Abyss: D:3

Annotations:
D:4 Pikel


Innate Abilities, Weirdness & Mutations

You have a pair of horns on your head.
You reflexively headbutt those who attack you in melee.


Message History

That felt strangely unrewarding.
Pikel hits you with a +0 whip of electrocution!
You hit Pikel but do no damage. Your headbutt misses Pikel.
Pikel is lightly wounded.
You hit the lemure.
Your orb of destruction hits a closed door.
Your orb of destruction hits a rock wall.
The lemure hits you.
A lemure comes into view.
Pikel barely misses you. You furiously retaliate!
You headbutt Pikel.
You are too injured to fight recklessly!
You slash the lemure! Your headbutt misses the lemure.
The lemure is severely wounded.
You hit Pikel. The lemure closely misses you. You block Pikel's attack.
The lemure hits you.
You slash the lemure!
You kill the lemure!
That felt strangely unrewarding.
You hit Pikel. You block Pikel's attack.
Pikel says, "You'll make a fine lemure."
Pikel barely misses you. You furiously retaliate!
You headbutt Pikel! You hit the lemure.
The lemure is lightly wounded.
You hit Pikel. The lemure hits you. Pikel barely misses you.
You barely miss the lemure.
The lemure is lightly wounded.
You hit Pikel. You block the lemure's attack.
Pikel hits you with a +0 whip of electrocution.
You are electrocuted!!
* * * LOW HITPOINT WARNING * * *
You miss the lemure.
You headbutt the lemure, but do no damage.
The lemure is lightly wounded.
You closely miss Pikel. You block the lemure's attack. Pikel barely misses you.
You block the lemure's attack.
You hit the lemure but do no damage.
The lemure is lightly wounded.
You hit Pikel.
Pikel hits you with a +0 whip of electrocution!
You die...
Your body disappears without a glow.

#.##.#..........#
##.##.########.###
#..##.# #.#
#.###.# #+# #.#
#.# #.##.###.#
#........#
####.#...#### ###
#....@...+ +..
#....5K### ###
#..###.# #..# .#
##.# .# #.. .# #+#
## #.#######
#.##.....
##.##.####


You could see Pikel and a lemure.

Vanquished Creatures
  Grinder (Sewer)
  A centaur (D:3)
  A phantom (Sewer)
  2 lemures (D:4)
  A kobold brigand (Sewer)
  A wight (Sewer)
  A hound (D:3)
  2 adders
  4 shadow imps (Sewer)
  6 ufetubi (Sewer)
  2 adder zombies (Sewer)
  2 worms
  A dart slug (D:2)
  8 endoplasms
  4 giant cockroaches
  5 goblins
  6 hobgoblins
  5 jackals
  5 quokkas (D:2)
  8 ball pythons
  5 bats
  5 frilled lizards
  A giant cockroach zombie (Sewer)
  17 kobolds
  A kobold zombie (Sewer)
  4 rats
99 creatures vanquished.

Vanquished Creatures (others)
  2 lurking horrors (D:3)
  2 plants (D:2)
4 creatures vanquished.

Grand Total: 103 creatures vanquished

Notes
Turn   | Place    | Note
-------+----------+-------------------------------------------
     0 | D:1      | Exodus22XD the Minotaur Fighter began the quest for the
                  | Orb.
     0 | D:1      | Reached XP level 1. HP: 19/19 MP: 0/0
   202 | D:1      | Reached XP level 2. HP: 27/27 MP: 1/1
  1006 | D:2      | Reached XP level 3. HP: 31/33 MP: 2/2
  1183 | D:2      | Reached skill level 3 in Axes
  1654 | D:3      | Reached XP level 4. HP: 29/40 MP: 3/3
  1884 | D:3      | Found a glowing drain.
  2001 | D:3      | Found a corrupted altar of Lugonu.
  2049 | Sewer    | Entered a sewer
  2073 | Sewer    | Reached skill level 4 in Axes
  2129 | Sewer    | Reached XP level 5. HP: 43/47 MP: 4/4
  2430 | Sewer    | Found an ancient bone altar of Kikubaaqudgha.
  2441 | Sewer    | Reached skill level 5 in Axes
  2442 | Sewer    | Reached XP level 6. HP: 33/53 MP: 5/5
  2446 | Sewer    | Noticed Grinder
  2454 | Sewer    | Reached skill level 5 in Shields
  2458 | Sewer    | Killed Grinder
  2459 | Sewer    | Reached skill level 5 in Fighting
  2459 | Sewer    | Reached skill level 6 in Axes
  2459 | Sewer    | Reached skill level 5 in Armour
  2459 | Sewer    | Reached XP level 7. HP: 33/61 MP: 6/6
  3016 | D:3      | Found a faded altar of an unknown god.
  3099 | D:3      | Prayed at the altar of an unknown god.
  3099 | D:3      | Became a worshipper of Nemelex Xobeh the Trickster
  3099 | D:3      | Reached * piety under Nemelex Xobeh
  3326 | D:3      | Found a one-way gate to the infinite horrors of the Abyss.
  3664 | D:4      | Received a gift from Nemelex Xobeh
  3779 | D:4      | Noticed Pikel
  3790 | D:4      | HP: 3/61 [Pikel/+0 whip of electrocution (19)]
  3792 | D:4      | Slain by Pikel

Illustrated notes

Levels and vault maps discovered:
D:1:      dpeg_arrival_simpleton_c, layout_loops_ring, serial_rivers,
          chequers_serial_rivers_small_a, chequers_serial_rivers_small_b,
          chequers_serial_rivers_micro_e, chequers_serial_rivers_micro_b,
          nrook_mini_backslash, minmay_misc_feat_tiny, kennysheep_doodads
D:2:      layout_rooms, guppyfry_early_lair_pool
D:3:      layout_basic, chequers_ecumenical_altar_simple_redux,
          portal_sewer_entry_d, amcnicky_altar_lugonu_corruption
D:4:      layout_loops_corners, mainiacjoe_overflow_alcove_1, uniq_pikel

Skill      XL: |  1  2  3  4  5  6 |
---------------+-------------------+-----
Shields        | 4 5 |  5.5
Armour         | 4 5 |  5.2
Fighting       | 4 5 |  5.3
Axes           | 3 4 5 6 |  6.9

Action                   |  1- 3 |  4- 6 |  7- 9 || total
-------------------------+-------+-------+-------++-------
Melee: War axe           |   103 |    76 |    27 ||   206
       Headbutt          |    16 |    14 |     6 ||    36
Invok: Draw Destruction  |       |       |     1 ||     1
  Use: Potion            |       |     1 |       ||     1
Armor: Scale mail        |    45 |    60 |     7 ||   112
Dodge: Dodged            |    60 |    51 |    11 ||   122
Block: Buckler           |    26 |    64 |    16 ||   106
       Reflection        |       |     1 |     2 ||     3
